 Dungeon Crawl Stone Soup version 0.17-a0-1617-gfba1302 (webtiles) character file.

26 thrall606 the Stinger (level 2, 0/19 HPs)
             Began as a Demonspawn Venom Mage on Aug 1, 2015.
             Slain by a jackal (2 damage)
             ... on level 2 of the Dungeon.
             The game lasted 00:10:12 (1547 turns).

thrall606 the Stinger (Demonspawn Venom Mage)       Turns: 1547, Time: 00:10:12

Health: 0/19       AC:  7    Str:  8    XL:     2   Next: 89%
Magic:  1/5        EV: 10    Int: 18    God:
Gold:   85         SH:  0    Dex: 13    Spells: 2 memorised, 2 levels left

rFire  . . .     SeeInvis .     e - -3 club (curse)
rCold  . . .     Clarity  .     d - +0 ring mail
rNeg   . . .     SustAt   .     (no shield)
rPois  .         Gourm    .     (no helmet)
rElec  .         Spirit   .     (no cloak)
rCorr  .         Warding  .     (no gloves)
rMut   .         Stasis   .     (no boots)
MR     .....                    (no amulet)
Stlth  +.........               (no ring)
                                (no ring)

@: very slightly contaminated, not resistant to hostile enchantments, very
unstealthy
A: slimy green scales 1, clever 1, spit poison 1, subdued magic 1
a: Spit Poison


You were on level 2 of the Dungeon.
You were not hungry.

You visited 1 branch of the dungeon, and saw 2 of its levels.

You collected 85 gold pieces.

Inventory:

Hand weapons
 e - a cursed -3 club (weapon)
 g - a +0 club
 h - a +0 whip
 j - a +0 dagger
 l - a +0 club
Armour
 a - a +0 robe
 d - a +0 ring mail (worn)
Scrolls
 i - 2 scrolls of identify
Books
 b - a Young Poisoner's Handbook

   Spells                             Type                      Level
   a - Sting                          Conjuration/Poison           1
   b - Cure Poison                    Poison                       2
   c - Mephitic Cloud                 Conjuration/Poison/Air       3
   d - Olgreb's Toxic Radiance        Poison                       4
   e - Venom Bolt                     Conjuration/Poison           5
Comestibles
 c - 3 chunks of flesh
 f - a meat ration


   Skills:
 + Level 0.6 Armour
 + Level 2.0 Dodging
 + Level 1.7 Stealth
 + Level 2.2 Spellcasting
 + Level 0.4 Conjurations
 + Level 4.4 Poison Magic


You had 2 spell levels left.
You knew the following spells:

 Your Spells              Type           Power        Failure   Level  Hunger
a - Sting                 Conj/Pois      #...         13%         1    #......
b - Cure Poison           Pois           ##........   9%          2    ##.....


Dungeon Overview and Level Annotations

Branches:
Dungeon (2/15)

Altars:


Innate Abilities, Weirdness & Mutations

You are partially covered in slimy green scales (AC +2).
Your mind is acute. (Int +2)
You can spit weak poison.
Your spells are a little easier to cast, but a little less powerful.


Message History

Casting: Sting
Confirm with . or Enter, or press ? or * to list all spells.
Aiming: Sting
Press: ? - help, Shift-Dir - straight line, f/p - jackal
Aim: a jackal You miscast Sting.
You are very lightly contaminated with residual magic.
You feel odd.
The jackal bites you but does no damage.
Casting: Sting
Confirm with . or Enter, or press ? or * to list all spells.
Aiming: Sting
Press: ? - help, Shift-Dir - straight line, f/p - jackal
Aim: a jackal The sting hits the jackal.
The jackal is moderately wounded.
The jackal bites you.
* * * LOW HITPOINT WARNING * * *
The jackal bites you.
You die...

#.#####.###.##
#.. #.#
#....... #[.
#.# #####.#.
#.# #.# #.#.
#.# #.# #.#.
#.# #.# #.#.
#.# #.# #.#.
######.###.#
#.#.
#.....@†...#
#.#.
#.####h#####
#. .... .....
.....#. ##.##
#......#.# #.
#......# # #
#......#
#..(...#


You could see a jackal.

Vanquished Creatures
  A giant gecko (D:1)
  8 hobgoblins
  3 jackals (D:2)
  A kobold (D:2)
  2 bats (D:1)
  4 goblins (D:1)
  5 rats (D:1)
24 creatures vanquished.

Notes
Turn   | Place    | Note
--------------------------------------------------------------
     0 | D:1      | thrall606 the Demonspawn Venom Mage began the quest for the Orb.
     0 | D:1      | Reached XP level 1. HP: 13/13 MP: 3/3
    43 | D:1      | Gained mutation: Your spells are a little easier to cast, but a little less powerful. [potion of mutation]
    43 | D:1      | Gained mutation: Your mind is acute. (Int +2) [potion of mutation]
    43 | D:1      | Gained mutation: You can spit weak poison. [potion of mutation]
   595 | D:1      | Gained mutation: You are partially covered in slimy green scales (AC +2). [demonic ancestry]
   595 | D:1      | Reached XP level 2. HP: 17/19 MP: 3/5
   653 | D:1      | Learned a level 2 spell: Cure Poison
  1547 | D:2      | Slain by a jackal

Vault maps used:
D:1:      minmay_arrival_widening_spiral_wide
D:2:      st_stairs_3, uniq_sigmund

Action                   || total
-------------------------++-------
Melee: Club              ||    68
       Unarmed           ||     6
 Cast: Sting             ||    43
 Abil: Spit Poison       ||     7
  Use: Potion            ||     3
       Scroll            ||     4
  Eat: Chunk             ||     2
       Bread ration      ||     1
